 Dungeon Crawl Stone Soup version 0.28.0-55-gcd9437bce4 (webtiles) character file.

Game seed: 8792048867018256834

30 nerdsy the Vexing (level 3, 0/28 HPs)
             Began as a Gnoll Arcane Marksman on Dec 30, 2022.
             Slain by Terence
             ... wielding a +0 hand axe
              (2 damage)
             ... on level 2 of the Dungeon.
             The game lasted 00:05:25 (1191 turns).

nerdsy the Vexing (Gnoll Arcane Marksman)           Turns: 1191, Time: 00:05:26

Health: 0/28       AC:  5    Str:  9    XL:     3   Next: 20%
Magic:  7/7        EV: 11    Int: 12    God:
Gold:   54         SH:  0    Dex: 14    Spells: 6/7 levels left

rFire   . . .      SeeInvis .   e - +0 dagger
rCold   . . .      Faith    .   (no shield)
rNeg    . . .      Spirit   .   b - +0 ring mail
rPois   .          Reflect  .   (no helmet)
rElec   .          Harm     .   (no cloak)
rCorr   .          Rampage  .   (no gloves)
Will    .....                   (no boots)
Stlth   +.........              (no amulet)
HPRegen 0.09/turn               (no ring)
MPRegen 0.10/turn               (no ring)

@: no status effects
A: fangs 1, strong nose, distributed training
a: no special abilities


You were on level 2 of the Dungeon.
You visited 1 branch of the dungeon, and saw 2 of its levels.

You collected 54 gold pieces.

Inventory:

Hand Weapons
 a - a +0 hand crossbow
 e - a +0 dagger (weapon)
Armour
 b - a +0 ring mail (worn)
Scrolls
 g - a scroll of identify
Potions
 d - a potion of curing {unknown}
 f - a potion of lignification {unknown}
 h - a potion of cancellation {unknown}
 i - a potion of berserk rage {unknown}


   Skills:
 + Level 2.5 Fighting
 + Level 0.6 Short Blades
 + Level 0.6 Long Blades
 + Level 0.6 Axes
 + Level 0.6 Maces & Flails
 + Level 0.6 Polearms
 + Level 0.6 Staves
 + Level 0.6 Slings
 + Level 0.6 Bows
 + Level 4.5 Crossbows
 + Level 0.6 Throwing
 + Level 0.6 Armour
 + Level 4.5 Dodging
 + Level 0.6 Stealth
 + Level 0.6 Shields
 + Level 0.6 Unarmed Combat
 + Level 2.8 Spellcasting
 + Level 0.4 Conjurations
 + Level 5.4 Hexes
 + Level 0.4 Summonings
 + Level 0.4 Necromancy
 + Level 0.4 Translocations
 + Level 0.4 Transmutations
 + Level 0.4 Fire Magic
 + Level 0.4 Ice Magic
 + Level 0.4 Air Magic
 + Level 0.4 Earth Magic
 + Level 0.4 Poison Magic
 + Level 0.8 Invocations
 + Level 0.6 Evocations


You had 6 spell levels left.
You knew the following spells:

 Your Spells              Type           Power      Damage    Failure   Level
a - Slow                  Hex            56%        N/A       8%          1

Your spell library contained the following spells:

 Spells                   Type           Power      Damage    Failure   Level
 Magic Dart               Conj           8%         1d3       50%         1
 Inner Flame              Hex/Fire       8%         N/A       54%         3
 Portal Projectile        Hex/Tloc       16%        N/A       54%         3
 Cause Fear               Hex            7%         N/A       58%         4
 Call Imp                 Summ           2%         N/A       65%         2
 Mephitic Cloud           Conj/Pois/Air  2%         N/A       86%         3


Dungeon Overview and Level Annotations

Branches:
Dungeon (2/15)

Altars:

Annotations:
D:2 Terence


Innate Abilities, Weirdness & Mutations

You have very sharp teeth.
Your uncanny sense of smell can sniff out nearby items.
Your experience applies equally to all skills.


Message History

Press: ? - help, Q - select action, (/) - cycle Shift-Dir - straight line, f/p - Terence
Aim: Terence, wielding a +0 hand axe and wearing a +0 chain mail (almost dead, fast, 72% to hit)
You shoot a bolt. The bolt completely misses Terence.
The bolt hits the bat but does no damage.
Terence hits you with a +0 hand axe.
* * * LOW HITPOINT WARNING * * *
Terence barely misses you.
Really attack while wielding your +0 hand crossbow? [Y]es or [N]o only, please.
Really attack while wielding your +0 hand crossbow? [Y]es or [N]o only, please.
Really attack while wielding your +0 hand crossbow? [Y]es or [N]o only, please.
Really attack while wielding your +0 hand crossbow? [Y]es or [N]o only, please.
Really attack while wielding your +0 hand crossbow? [Y]es or [N]o only, please.
Really attack while wielding your +0 hand crossbow?
Okay, then.
Really attack while wielding your +0 hand crossbow?
Okay, then.
e - a +0 dagger (weapon)
Terence hits you with a +0 hand axe.
* * * LOW HITPOINT WARNING * * *
You hit Terence but do no damage.
Terence is almost dead.
Terence shouts, "Get ready for death!"
Terence barely misses you.
You hit Terence. You bite Terence, but do no damage.
Terence is almost dead.
Terence screams, "I'm going to kill you!"
Terence hits you with a +0 hand axe.
* * * LOW HITPOINT WARNING * * *
You hit Terence but do no damage. Your bite misses Terence.
Terence is almost dead.
Terence closely misses you. Terence barely misses you.
You closely miss Terence.
Terence is almost dead.
Terence hits you with a +0 hand axe.
You die...

#.# #.# #.# #.#
####.# #.#
#.<..# #.#
#.#### #.# #.#
####.#####.##.
#.#
#.............
#.#
#.####.###.##.
∆... .. #@# #.#
###......@g.....
..#
#.##.###b##.#.
### ...


rK( .## .#. .. ∆ .. # . (. ∆..# You could see Terence (fast), a goblin, a bat, a
kobold and a rat.

Vanquished Creatures
  A dart slug (D:1)
  5 endoplasms
  A giant cockroach (D:1)
  3 hobgoblins (D:1)
  A kobold (D:1)
  6 ball pythons (D:1)
  2 bats
  3 frilled lizards
  2 goblins (D:1)
  4 rats (D:1)
28 creatures vanquished.

Notes
Turn   | Place    | Note
-------+----------+-------------------------------------------
     0 | D:1      | nerdsy the Gnoll Arcane Marksman began the quest for the
                  | Orb.
     0 | D:1      | Reached XP level 1. HP: 17/17 MP: 4/4
   190 | D:1      | Reached XP level 2. HP: 23/23 MP: 5/5
   843 | D:1      | Reached XP level 3. HP: 28/28 MP: 7/7
  1174 | D:2      | Noticed Terence
  1191 | D:2      | Slain by Terence

Illustrated notes

Levels and vault maps discovered:
D:1:      dpeg_arrival_pits, layout_basic, serial_forest,
          infiniplex_forest_end_1, infiniplex_forest_end_1,
          infiniplex_forest_clump_double, infiniplex_forest_clump_cross,
          infiniplex_forest_lined_4_way, infiniplex_forest_straight_4,
          wander_ebering_terrifying_dragon_lair
D:2:      layout_loops_ring, serial_shops, nicolae_shop_waterfront,
          minmay_diced_spiral, uniq_terence, uniq_jessica, uniq_natasha

Action                   || total
-------------------------++-------
Melee: Dagger            ||     4
       Bite              ||     1
 Fire: Hand crossbow     ||    59
  Use: Scroll            ||     1
Armor: Robe              ||     1
       Ring mail         ||     1
Dodge: Dodged            ||    17
